 Dungeon Crawl Stone Soup version 0.27.0-1-g7a089689b8 (webtiles) character file.

Game seed: 1904564699540251927

753 ZombieSheep the Chopper (level 7, -8/62 HPs)
             Began as a Hill Orc Fighter on Aug 2, 2021.
             Mangled by Blork the orc (14 damage)
             ... on level 5 of the Dungeon.
             The game lasted 00:07:47 (4474 turns).

ZombieSheep the Chopper (Hill Orc Fighter)          Turns: 4474, Time: 00:07:48

Health: -8/62      AC: 10    Str: 19    XL:     7   Next: 79%
Magic:  7/7        EV:  8    Int:  8    God:
Gold:   186        SH:  0    Dex: 12    Spells: 6/6 levels left

rFire    . . .     SeeInvis .   a - +0 war axe
rCold    + . .     Faith    .   (no shield)
rNeg     . . .     Spirit   .   m - +0 chain mail
rPois    .         Reflect  .   g - +1 hat
rElec    .         Harm     .   (no cloak)
rCorr    .         Rampage  .   (no gloves)
Will     .....                  (no boots)
Stlth    ..........             j - amulet of magic regeneration
HPRegen  0.20/turn              h - ring of protection from cold
MPRegen  0.35/turn              (no ring)

@: mighty
A: no striking features
a: no special abilities


You were on level 5 of the Dungeon.
You visited 1 branch of the dungeon, and saw 5 of its levels.

You collected 186 gold pieces.

Inventory:

Hand Weapons
 a - a +0 war axe (weapon)
 l - a +0 hand axe of venom
 n - a +2 vorpal flail
Armour
 g - a +1 hat (worn)
 m - a +0 chain mail (worn)
 o - a scarf of shadows
Jewellery
 h - a ring of protection from cold (left hand)
 j - an amulet of magic regeneration (around neck)
Wands
 f - a wand of iceblast (1)
Scrolls
 b - 2 scrolls of teleportation
 e - 3 scrolls of fog
Potions
 c - 2 potions of brilliance
 i - a potion of flight {unknown}
 k - a potion of heal wounds {unknown}


   Skills:
 + Level 5.7 Fighting
 * Level 7.4 Axes
 + Level 5.2 Armour
 + Level 2.7 Dodging
 - Level 3.2 Shields


You had 6 spell levels left.
You didn't know any spells.
Your spell library contained the following spells:

 Spells                   Type           Power      Damage    Failure   Level
 Summon Small Mammal      Summ           0%         N/A       99%         1
 Call Canine Familiar     Summ           0%         N/A       100%        3
 Summon Guardian Golem    Hex/Summ       0%         N/A       100%        3


Dungeon Overview and Level Annotations

Branches:
Dungeon (5/15)
 Temple: D:4-7

Altars:
Dithmenos
Gozag
Nemelex Xobeh

Shops:
D:4 ?

Annotations:
D:5 Blork the orc


Message History

Blork the orc hits you with a +3 glaive of protection.
Blork the orc miscasts a cantrip.
You closely miss Blork the orc.
Blork the orc is lightly wounded.
Blork the orc hits you but does no damage.
You barely miss Blork the orc.
Blork the orc is lightly wounded.
Blork the orc hits you with a +3 glaive of protection!
You barely miss Blork the orc.
Blork the orc is lightly wounded.
Blork the orc casts a spell.
Blork the orc seems to speed up.
You barely miss Blork the orc.
Blork the orc is lightly wounded.
Blork the orc completely misses you.
Blork the orc hits you with a +3 glaive of protection.
You hit Blork the orc.
Blork the orc is moderately wounded.
Blork the orc looks encouraged for a moment.
You hit Blork the orc but do no damage.
Blork the orc is moderately wounded.
Blork the orc hits you with a +3 glaive of protection!
Blork the orc points at you and mumbles some strange words.
The puff of flame hits you.
You hit Blork the orc but do no damage.
Blork the orc is moderately wounded.
Blork the orc barely misses you.
You feel very mighty all of a sudden. Blork the orc completely misses you.
Blork the orc hits you with a +3 glaive of protection!
* * * LOW HITPOINT WARNING * * *
You closely miss Blork the orc.
Blork the orc is moderately wounded.
Blork the orc hits you with a +3 glaive of protection!
* * * LOW HITPOINT WARNING * * *
Blork the orc barely misses you.
You slice Blork the orc!!
Blork the orc is almost dead.
Blork the orc hits you with a +3 glaive of protection!
You die...

######...#.#.#.####.<
####..........#.#.....†.
#.......#######.#.)##...
#...........###.#..#....
###.......###.#...#.....##
#........#.##.....####...
#........#.............##
#.....####.###.....#####
#.......)@o#.#.###.#
############.#o..#.#
#######.oo...>...#
#.......###......#
#.......#o#...####
#.....###.###....
#.....#..:..#.####
#.....###.###.. #.....o
.#....#


You could see Blork the orc (fast).

Vanquished Creatures
  Sigmund (D:5)
  An orc warrior (D:4)
  A phantom (D:4)
  A scorpion (D:4)
  A bullfrog zombie (D:4)
  2 orc priests (D:3)
  A centaur skeleton (D:4)
  An iguana (D:4)
  4 orc wizards
  4 adders
  An adder zombie (D:5)
  7 worms
  10 orcs
  5 ball pythons
  3 bats
  3 endoplasms
  3 giant cockroaches
  4 hobgoblins
  11 jackals
  2 quokkas (D:2)
  A frilled lizard (D:2)
  5 goblins
  4 kobolds
  4 rats (D:2)
80 creatures vanquished.

Vanquished Creatures (others)
  An orc wizard (D:5)
  A bush (D:5)
2 creatures vanquished.

Grand Total: 82 creatures vanquished

Notes
Turn   | Place    | Note
-------+----------+-------------------------------------------
     0 | D:1      | ZombieSheep the Hill Orc Fighter began the quest for the
                  | Orb.
     0 | D:1      | Reached XP level 1. HP: 19/19 MP: 1/1
   233 | D:1      | Found a faded altar of an unknown god.
   241 | D:1      | Reached skill level 3 in Axes
   340 | D:1      | Reached XP level 2. HP: 23/27 MP: 2/2
   977 | D:2      | Reached XP level 3. HP: 33/33 MP: 3/3
  1290 | D:2      | Reached skill level 4 in Axes
  1300 | D:2      | Reached skill level 1 in Dodging
  1418 | D:2      | Reached XP level 4. HP: 40/40 MP: 4/4
  2024 | D:3      | Reached XP level 5. HP: 42/47 MP: 5/5
  2456 | D:4      | Noticed an orc warrior
  2848 | D:4      | Found Pighuepe's Magic Scroll Boutique.
  2853 | D:4      | Reached skill level 5 in Axes
  2965 | D:4      | Killed an orc warrior
  2966 | D:4      | Reached XP level 6. HP: 41/55 MP: 6/6
  3184 | D:4      | Reached skill level 5 in Fighting
  3260 | D:4      | Reached skill level 6 in Axes
  3464 | D:4      | Found a sparkling altar of Nemelex Xobeh.
  3464 | D:4      | Found an opulent altar of Gozag.
  3677 | D:4      | Reached XP level 7. HP: 14/61 MP: 7/7
  4316 | D:4      | Found a shadowy altar of Dithmenos.
  4368 | D:5      | Entered Level 5 of the Dungeon
  4368 | D:5      | Noticed Sigmund
  4371 | D:5      | Killed Sigmund
  4372 | D:5      | Reached skill level 7 in Axes
  4372 | D:5      | Reached skill level 5 in Armour
  4427 | D:5      | Noticed Blork the orc
  4474 | D:5      | Mangled by Blork the orc

Illustrated notes

Levels and vault maps discovered:
D:1:      lightli_arrival_maybe_door_vault, layout_basic,
          hellmonk_ecumenical_altar_dog_temple, serial_glass, glass_columns_a,
          glass_columns_a, glass_columns_c, glass_columns_b, glass_columns_c,
          glass_columns_a, glass_columns_a, glass_columns_a, glass_columns_c,
          glass_columns_b, glass_columns_c, glass_columns_b, glass_columns_c,
          glass_columns_a, item_on_display_a, item_on_display_a
D:2:      layout_basic, minmay_heptomino_w4
D:3:      layout_loops_ring
D:4:      layout_rooms, marbit_many_paths, grunt_temple_overflow_opulence,
          serial_shops, shop, hangedman_decor_slide_cut
D:5:      layout_basic, trog_ov_bears_minmay, corexii_checkpoint_a,
          minmay_misc_feat_doors, minmay_a_box_with_orc_wizards_in_it,
          uniq_sigmund, uniq_eustachio, uniq_blork_the_orc

Skill      XL: |  1  2  3  4  5  6  7 |
---------------+----------------------+-----
Axes           | 3 4 5 6 7 |  7.4
Fighting       | 4 5 |  5.7
Dodging        | 1 2 |  2.7
Armour         | 4 5 |  5.2
Shields        | |  3.2

Action                   |  1- 3 |  4- 6 |  7- 9 || total
-------------------------+-------+-------+-------++-------
Melee: War axe           |    81 |   143 |    44 ||   268
Evoke: Wand              |       |       |     3 ||     3
  Use: Scroll            |     1 |     1 |     3 ||     5
       Potion            |       |     1 |     1 ||     2
Armor: Scale mail        |    47 |    42 |       ||    89
       Chain mail        |       |    40 |    16 ||    56
Dodge: Dodged            |    50 |    82 |    13 ||   145
